 Dungeon Crawl Stone Soup version 0.29.0-5-ge4962eb29e (webtiles) character file.

Game seed: 12255629725715674779

304 Zeldest the Chopper (level 6, -4/56 HPs)
             Began as a Hill Orc Chaos Knight on Aug 29, 2022.
             Was a Plaything of Xom.
             Slain by an ogre
             ... wielding a +0 giant spiked club
              (22 damage)
             ... on level 4 of the Dungeon.
             The game lasted 00:02:30 (2760 turns).

Zeldest the Chopper (Hill Orc Chaos Knight)         Turns: 2760, Time: 00:02:31

Health: -4/56      AC:  8    Str: 21    XL:     6   Next: 38%
Magic:  6/6        EV: 10    Int:  9    God:    Xom [...*..]
Gold:   111        SH:  0    Dex: 14    Spells: 5/5 levels left

rFire   . . .      SeeInvis .   b - +8 sling "Finextoi" {venom, rC+ Str+4 Int-3}
rCold   + . .      Faith    .   x - orb {light}
rNeg    . . .      Spirit   .   n - +1 scale mail of Kleptomania {Dex+4}
rPois   .          Reflect  .   (no helmet)
rElec   .          Harm     .   (no cloak)
rCorr   .          Rampage  .   f - +0 pair of gloves
Will    .....                   (no boots)
Stlth   ..........              j - amulet of regeneration
HPRegen 0.98/turn               (no ring)
MPRegen 0.10/turn               (no ring)

@: hasted and slowed, glowing, unable to read
A: inability to read after injury 1
a: Renounce Religion


You were on level 4 of the Dungeon.
You worshipped Xom.
You were a favourite toy of Xom.
You visited 1 branch of the dungeon, and saw 4 of its levels.

You collected 111 gold pieces.

Inventory:

Hand Weapons
 a - a +0 hand axe of chaos
 b - the +8 sling "Finextoi" (weapon) {venom, rC+ Str+4 Int-3}
   (You found it on level 3 of the Dungeon)

   Any ammunition fired from it poisons the flesh of those it strikes.
   Str:       It affects your strength (+4).
   Int:       It affects your intelligence (-3).
   rC:        It protects you from cold.
Armour
 f - a +0 pair of gloves (worn)
 n - the +1 scale mail of Kleptomania (worn) {Dex+4}
   (You found it on level 2 of the Dungeon)

   Dex:       It affects your dexterity (+4).
 x - an orb of light (worn)
Jewellery
 j - an amulet of regeneration (around neck)
 k - a ring of fire
Scrolls
 g - a scroll of silence {unknown}
 i - a scroll of teleportation {unknown}
 o - a scroll of noise {unknown}
 p - a scroll of enchant armour {unknown}
 q - a scroll of enchant weapon {unknown}
 r - 3 scrolls of butterflies {unknown}
 s - 2 scrolls of amnesia {unknown}
 u - a scroll of summoning {unknown}
 y - a scroll of identify
Potions
 d - a potion of haste
 e - 2 potions of ambrosia
 h - a potion of berserk rage
 l - a potion of curing {unknown}
 m - a potion of magic {unknown}
 t - a potion of heal wounds {unknown}
 v - a potion of flight {unknown}
 w - a potion of attraction {unknown}
 z - a potion of might {unknown}
Miscellaneous
 c - a piece from Xom's chessboard (15/15)


   Skills:
 + Level 5.1 Fighting
 * Level 7.0 Axes
 * Level 2.4 Ranged Weapons
 - Level 2.5 Armour
 - Level 0.7 Dodging


You had 5 spell levels left.
You didn't know any spells.
Your spell library contained the following spells:

 Spells                   Type           Power      Damage    Failure   Level
 Foxfire                  Conj/Fire      0%         2x1d4     73%         1
 Sting                    Tmut/Pois      0%         1d3       73%         1
 Poisonous Vapours        Pois/Air       0%         N/A       86%         2
 Conjure Flame            Conj/Fire      0%         6-21      97%         3
 Inner Flame              Hex/Fire       0%         N/A       97%         3
 Flame Wave               Conj/Fire      0%         2d4       100%        4
 Olgreb's Toxic Radiance  Pois           0%         N/A       100%        4


Dungeon Overview and Level Annotations

Branches:
Dungeon (4/15)
 Temple: D:4-7

Altars:
Sif Muna

Shops:
D:2 [

Annotations:
D:4 Natasha


Innate Abilities, Weirdness & Mutations

You occasionally lose the ability to read scrolls when taking damage.


Message History

A hound comes into view.
There are monsters nearby!
You shoot a sling bullet. The sling bullet hits the hound.
The hound is heavily wounded.
The hound bites you. The hound bites you but does no damage.
You shoot a sling bullet. The sling bullet hits the hound!
The hound is poisoned.
The hound is almost dead.
The hound misses you.
A goblin comes into view. It is wielding a +0 dagger.
The hound bites you but does no damage. The iguana bites you.
You kill the hound!
Natasha wildly gestures.
You feel troubled. Natasha claws you but does no damage.
Your Axes skill increases to level 7!
Natasha attacks as you move away! Natasha barely misses you.
The ogre attacks as you move away!
The ogre hits you with a +0 giant spiked club!!
Natasha stares at you and mumbles some strange words.
You feel yourself slow down.
That's the wrong kind of item! (Use * to select it.) Evoke which item? (* to show all) (? for menu, Esc to quit)
That's the wrong kind of item! (Use * to select it.) Evoke which item? (* to show all) (? for menu, Esc to quit)
Okay, then.
You feel yourself speed up.
The ogre hits you with a +0 giant spiked club!!
You feel threatened and lose the ability to read scrolls!
* * * LOW HITPOINT WARNING * * *
Natasha hisses.
Natasha mumbles some strange words.
The iguana hisses menacingly.
A jelly comes into view.
You cannot read scrolls in your current state!
Unknown command.
The ogre attacks as you move away!
The ogre hits you with a +0 giant spiked club!!
You die...
Xom guffaws!

..#..... .#.#.. .....
##...#########
....##......# ######
#..##......# #.(..#
#..##......#
...##.##.###@.........#
........hglO.###.....##
......J5############.#
# ........#
#.....#.###### #
..$##+##.
#.###.#......# # .. .
#.#...####...### . ..
#.#.######...'.' ..
#.#.#...<#...### ...
#.#.#.####...# #


You could see an ogre, an iguana (poisoned), a jelly (wandering), an iron imp
(summoned), Natasha and a goblin.

Vanquished Creatures
  A water moccasin (D:4)
  A necrophage (D:4)
  A hound (D:4)
  5 adders
  A worm (D:2)
  2 dart slugs
  5 orcs
  3 bats
  7 endoplasms
  2 giant cockroaches
  4 goblins
  5 hobgoblins
  A quokka (D:3)
  4 ball pythons
  10 frilled lizards (D:1)
  3 kobolds
  7 rats
62 creatures vanquished.

Vanquished Creatures (others)
  5 plants (D:1)
5 creatures vanquished.

Grand Total: 67 creatures vanquished

Notes
Turn   | Place    | Note
-------+----------+-------------------------------------------
     0 | D:1      | Zeldest the Hill Orc Chaos Knight began the quest for the
                  | Orb.
     0 | D:1      | Reached XP level 1. HP: 19/19 MP: 1/1
    11 | D:1      | XOM: silly message
    20 | D:1      | XOM: divination: detect creatures
    59 | D:1      | XOM: silly message
   149 | D:1      | XOM: silly message
   154 | D:1      | Reached XP level 2. HP: 27/27 MP: 2/2
   288 | D:1      | XOM: smoke on damage
   389 | D:1      | XOM: summons 3 hostile shadow creatures
   759 | D:1      | Reached skill level 5 in Axes
   873 | D:1      | XOM: cloud trail
  1006 | D:1      | Reached XP level 3. HP: 33/33 MP: 3/3
  1012 | D:1      | You fall into a shaft and drop 1 floor!
  1071 | D:2      | XOM: blink monster(s)
  1235 | D:2      | XOM: give mutation
  1235 | D:2      | Gained mutation: You occasionally lose the ability to read
                  | scrolls when taking damage. [Xom's mischief]
  1314 | D:2      | Identified the +1 scale mail of Kleptomania {Dex+4}
  1402 | D:2      | XOM: 2-stop teleportation journey
  1481 | D:2      | XOM: cloud trail
  1571 | D:2      | Found a shimmering blue altar of Sif Muna.
  1582 | D:2      | Reached XP level 4. HP: 39/41 MP: 4/4
  1595 | D:2      | Found Maehagic's Antique Armour Boutique.
  1871 | D:3      | Identified the +8 sling "Finextoi" {venom, rC+ Str+4 Int-3}
  2289 | D:3      | Found a faded altar of an unknown god.
  2588 | D:4      | Noticed a necrophage
  2597 | D:4      | Killed a necrophage
  2598 | D:4      | Reached skill level 6 in Axes
  2598 | D:4      | Reached skill level 1 in Ranged Weapons
  2598 | D:4      | Reached XP level 5. HP: 47/47 MP: 5/5
  2709 | D:4      | Noticed a water moccasin
  2718 | D:4      | Killed a water moccasin
  2719 | D:4      | Reached skill level 5 in Fighting
  2719 | D:4      | Reached XP level 6. HP: 50/56 MP: 6/6
  2750 | D:4      | Noticed Natasha
  2755 | D:4      | Reached skill level 7 in Axes
  2760 | D:4      | Slain by an ogre

Illustrated notes

Levels and vault maps discovered:
D:1:      tarquinn_simple_flora_water_f, layout_basic, serial_co_window_serial,
          co_window_of_opportunity_a, co_window_cross_1, co_window_paths_b,
          co_window_cross_1, co_window_of_opportunity_a, co_window_paths_a,
          co_window_of_opportunity_a, co_window_corner_b, co_window_broadway_c,
          co_window_2corner, co_window_sun, co_window_4corner_a,
          glass_columns_a, glass_columns_b, glass_columns_a, glass_columns_a,
          minmay_lizard_king
D:2:      layout_basic, serial_shops, nicolae_shop_advertising_works
          [nicolae_subvault_shop_adworks], basic_altar
D:3:      layout_basic, chequers_ecumenical_altar_grove
D:4:      layout_basic, uniq_natasha

Skill      XL: |  1  2  3  4  5  6 |
---------------+-------------------+-----
Fighting       | 4 5 |  5.1
Axes           | 5 6 7 |  7.0
Ranged Weapons | 1 2 |  2.4
Armour         | |  2.5
Dodging        | |  0.7

Action                   |  1- 3 |  4- 6 || total
-------------------------+-------+-------++-------
Melee: Hand axe          |   124 |     9 ||   133
       Punch             |     1 |       ||     1
 Fire: Sling             |       |    56 ||    56
  Use: Scroll            |       |     4 ||     4
       Potion            |       |     1 ||     1
 Stab: Paralysed         |     5 |       ||     5
       Sleeping          |     1 |       ||     1
Armor: Leather armour    |    24 |       ||    24
       Scale mail        |     6 |    18 ||    24
Dodge: Dodged            |    56 |    19 ||    75
